AoeStats
← Cesarmusicaa

MegaRandom

507176050Analyzed
4v4 RM · 16d ago on Sep 17, 2026· 38m 0s· 8 players
Game mode
Random Map
Map size
Large (8 player)
Population
200
Speed
Normal
Resources
Standard
Victory
Conquest
Starting age
Dark Age
Ending age
Imperial Age
RankedLock teamsTeams togetherTeam positionsShared explorationLock speedFull tech treeHidden civsTurbo modeCheats
Victory
Defeat
🇲🇽 Malay · Mexico
804
+14
🇪🇨 Britons · Ecuador
783
+15
🇵🇪 Franks · Peru
757
+16
🇺🇸 Burgundians · United States
670
+24
808
-21
🇨🇱 Teutons · Chile
763
-16
🇮🇹 Britons · Italy
756
-27
🇺🇸 Romans · United States
666
-12
leonedu
7:25 Loom
9:57 Feudal Age
14:29 Castle Age
12:41 Town Watch
14:18 Wheelbarrow
16:18 Double-Bit Axe
19:10 Husbandry
19:21 Scale Barding Armor
19:27 Forging
19:31 Gold Mining
21:38 Stone Mining
23:12 Chain Barding Armor
24:10 Iron Casting
25:55 Hand Cart
29:47 Caravan
33:22 Fletching
34:05 Bow Saw
34:32 Gold Shaft Mining
36:56 Imperial Age
36:31 Bodkin Arrow
36:49 Masonry
37:00 Ballistics
36:38 Murder Holes
SlavicDude
13:12 Feudal Age
19:45 Castle Age
36:35 Imperial Age
36:45 Light Cavalry
DolphinMan
10:51 Feudal Age
11:58 Double-Bit Axe
11:55 Horse Collar
12:17 Fletching
14:03 Wheelbarrow
14:18 Padded Archer Armor
14:42 Loom
20:27 Castle Age
19:19 Town Watch
21:33 Bow Saw
21:25 Heavy Plow
20:54 Crossbowman
21:32 Bodkin Arrow
21:53 Leather Archer Armor
21:58 Hand Cart
23:04 Stone Mining
23:05 Gold Mining
26:32 Ballistics
26:26 Masonry
25:57 Treadmill Crane
30:02 Yeomen
34:01 Imperial Age
35:02 Conscription
35:27 Hoardings
34:28 Elite Longbowman
34:41 Capped Ram
38:33 Chemistry
37:40 Siege Engineers
38:06 Architecture
38:33 Bracer
39:04 Ring Archer Armor
YHWH Is My Waifu
7:00 Loom
11:24 Feudal Age
11:10 Double-Bit Axe
11:32 Man-at-Arms
11:57 Arson
12:50 Forging
15:49 Horse Collar
16:28 Scale Barding Armor
20:26 Castle Age
19:59 Wheelbarrow
20:20 Husbandry
21:24 Bow Saw
21:17 Heavy Plow
21:34 Stone Mining
21:35 Gold Mining
23:23 Iron Casting
27:09 Gold Shaft Mining
31:00 Squires
38:20 Imperial Age
37:26 Elite Karambit Warrior
Cesarmusicaa
8:16 Loom
11:49 Feudal Age
13:18 Horse Collar
18:34 Man-at-Arms
21:38 Padded Archer Armor
21:29 Fletching
21:49 Forging
24:59 Castle Age
23:38 Wheelbarrow
22:49 Town Watch
24:42 Scale Mail Armor
24:31 Town Watch
24:40 Gold Mining
25:16 Crossbowman
26:12 Double-Bit Axe
26:28 Elite Skirmisher
31:39 Bodkin Arrow
37:56 Imperial Age
sebajr10
13:03 Feudal Age
14:34 Wheelbarrow
13:48 Double-Bit Axe
18:36 Castle Age
20:59 Bloodlines
22:25 Gold Mining
22:24 Horse Collar
24:36 Stone Mining
𝓥𝓮𝓷𝓽𝓾𝓼
1:26 Loom
11:48 Feudal Age
13:44 Double-Bit Axe
20:09 Castle Age
21:36 Caravan
24:58 Husbandry
26:16 Scale Barding Armor
26:55 Scale Mail Armor
28:56 Forging
33:39 Bloodlines
Devislesick
0:32 Loom
9:28 Feudal Age
19:49 Fletching
21:00 Padded Archer Armor
Connection lost

Rejoining the realm…

Still unreachable

The connection could not be restored.

Session expired

The server has moved on; the page needs a fresh start.